 Dungeon Crawl Stone Soup version 0.28-a0-1213-g0243856f03 (webtiles) character file.

Game seed: 13916971687368153858

48338 Turgor the Summoner (level 14, -1/67 HPs)
             Began as a Felid Summoner on Dec 20, 2021.
             Was a High Priest of Elyvilon.
             Constricted to death by a naga warrior (6 damage)
             ... on level 2 of the Snake Pit on Dec 21, 2021.
             The game lasted 06:20:17 (37491 turns).

Turgor the Summoner (Felid Summoner)               Turns: 37491, Time: 06:20:18

Health: -1/67      AC:  3    Str:  6    XL:     14   Next: 11%
Magic:  9/30       EV: 20    Int: 22    God:    Elyvilon [*****.]
Gold:   1757       SH:  0    Dex: 17    Spells: 0/36 levels left
                                        Lives:  0   Deaths: 3

rFire   + . .      SeeInvis +     - Unarmed
rCold   . . .      Faith    .   (shield unavailable)
rNeg    . . .      Spirit   .   (armour unavailable)
rPois   +          Reflect  .   (helmet unavailable)
rElec   +          Harm     .   (cloak unavailable)
rCorr   .          Rampage  +   (gloves unavailable)
Will    ++...                   (boots unavailable)
Stlth   ++++......              G - amulet "Sierhaeh" {Acrobat Contam Rampage rElec}
HPRegen 0.21/turn               e - ring of poison resistance
MPRegen 0.22/turn               K - ring of fire

@: constricted, quick
A: very small, claws 1, fangs 3, see invisible, speed 1, shaggy fur 3, stealthy
paws, no weapons or thrown items, no armour, multi-lived
a: Renounce Religion, Purification, Heal Other, Heal Self, Divine Vigour


You were on level 2 of the Snake Pit.
You worshipped Elyvilon.
Elyvilon was extremely pleased with you.
You visited 5 branches of the dungeon, and saw 26 of its levels.
You visited 1 bazaar.
You also visited: Trove and Sewer.

You collected 3889 gold pieces.
You spent 2132 gold pieces at shops.

Inventory:

Jewellery
 e - a ring of poison resistance (left paw)
 y - an amulet of guardian spirit
 D - an amulet of faith
 E - an amulet of the acrobat
 F - the amulet "Geniezye" {Reflect Regen+ Str-3 SH+5 Stlth+}
   (You found it in a treasure trove)

   [amulet of reflection]

   It reflects blocked missile attacks.
   Str:       It affects your strength (-3).
   Regen:     It increases your rate of health regeneration.
   SH:        It affects your SH (+5).
   Stlth:     It makes you more stealthy.
 G - the amulet "Sierhaeh" (around neck) {Acrobat Contam Rampage rElec}
   (You found it in a treasure trove)

   [amulet of the acrobat]

   It increases your evasion while moving and waiting.
   rElec:     It insulates you from electricity.
   Contam:    It causes magical contamination when unequipped.
   Rampage:   It bestows one free step when moving towards enemies.
 I - a ring of resist corrosion
 K - a ring of fire (right paw)
 N - a ring of willpower
Wands
 c - a wand of flame (10)
 q - a wand of digging (15)
 H - a wand of polymorph (1)
 M - a wand of mindburst (7)
 O - a wand of iceblast (4)
Scrolls
 a - 5 scrolls of vulnerability
 b - 2 scrolls of magic mapping
 i - 3 scrolls of summoning
 j - a scroll of fear
 l - 9 scrolls of fog
 m - 10 scrolls of teleportation
 r - 2 scrolls of silence
 s - 4 scrolls of amnesia
 u - a scroll of holy word
 w - 5 scrolls of identify
 A - 3 scrolls of blinking
Potions
 d - 5 potions of curing
 f - 2 potions of cancellation
 g - 5 potions of haste
 k - a potion of invisibility
 n - 6 potions of mutation
 o - 3 potions of flight
 p - a potion of attraction
 t - 3 potions of brilliance
 v - 2 potions of ambrosia
 x - 7 potions of heal wounds
 z - a potion of resistance
 C - 3 potions of magic
 J - 3 potions of might
Miscellaneous
 h - a lightning rod (inert)
 B - a box of beasts (inert)
 L - a tin of tremorstones (2/2)


   Skills:
 + Level 11.6 Fighting
 - Level 10.0 Dodging
 - Level 9.0 Stealth
 + Level 3.3 Unarmed Combat
 + Level 11.7 Spellcasting
 - Level 6.0 Conjurations
 - Level 6.0 Hexes
 - Level 12.0 Summonings
 * Level 11.8 Translocations
 * Level 8.0 Transmutations
 - Level 11.2 Air Magic
 - Level 4.0 Invocations
 - Level 6.0 Evocations


You couldn't memorise any spells.
You knew the following spells:

 Your Spells              Type           Power      Damage    Failure   Level
a - Manifold Assault      Tloc           60%        N/A       1%          5
b - Blink                 Tloc           100%       N/A       1%          2
c - Summon Cactus Giant   Summ           30%        N/A       5%          6
d - Call Canine Familiar  Summ           60%        N/A       1%          3
e - Summon Lightning Spi  Summ/Air       59%        N/A       1%          4
f - Fulminant Prism       Conj/Hex       19%        3d11      4%          4
j - Irradiate             Conj/Tmut      21%        3d20      8%          5
k - Summon Small Mammal   Summ           100%       N/A       1%          1
p - Apportation           Tloc           100%       N/A       1%          1
s - Searing Ray           Conj           78%        2d7       1%          2
x - Summon Guardian Gole  Hex/Summ       51%        N/A       1%          3

Your spell library contained the following spells:

 Spells                   Type           Power      Damage    Failure   Level
 Foxfire                  Conj/Fire      100%       2x1d9     1%          1
 Magic Dart               Conj           100%       1d8       1%          1
 Slow                     Hex            100%       N/A       1%          1
 Sting                    Tmut/Pois      100%       1d8       1%          1
 Call Imp                 Summ           60%        N/A       1%          2
 Corpse Rot               Necr/Air       74%        N/A       1%          2
 Passwall                 Tmut/Erth      25%        N/A       1%          2
 Poisonous Vapours        Pois/Air       74%        N/A       1%          2
 Confusing Touch          Hex            39%        N/A       1%          3
 Lesser Beckoning         Tloc           60%        N/A       1%          3
 Ensorcelled Hibernation  Hex/Ice        52%        N/A       2%          2
 Spider Form              Tmut/Pois      30%        N/A       3%          3
 Sandblast                Erth           24%        2d8       4%          1
 Conjure Flame            Conj/Fire      39%        6-21      4%          3
 Ignite Poison            Fire/Tmut/Pois 37%        N/A       4%          3
 Inner Flame              Hex/Fire       39%        N/A       4%          3
 Stone Arrow              Conj/Erth      52%        3d10      4%          3
 Scorch                   Fire           38%        2d7       8%          2
 Sublimation of Blood     Necr           12%        N/A       8%          2
 Yara's Violent Unravell  Hex/Tmut       21%        3d10      8%          5
 Petrify                  Tmut/Erth      30%        N/A       10%         4
 Flame Wave               Conj/Fire      39%        2d7       14%         4
 Sticky Flame             Conj/Fire      39%        2d6       14%         4
 Alistair's Intoxication  Tmut/Pois      20%        N/A       26%         5
 Olgreb's Toxic Radiance  Pois           12%        N/A       45%         4


Dungeon Overview and Level Annotations

Branches:
Dungeon (15/15)            Temple (1/1) D:4            Lair (6/6) D:9
 Shoals (0/4) Lair:4        Snake (2/4) Lair:3        Slime (0/5) Lair:5
    Orc (2/2) D:10            Elf (0/3) Orc:2        Vaults (0/5) D:14
 Depths (0/4) D:15          Sewer (visited)

Altars:
Elyvilon
Fedhas
Hepliaklqana
Qazlal
Ru
Trog
Uskayaw
Vehumet
Wu Jian
Xom
The Shining One
Beogh

Shops:
D:14 (((   Orc:2 ==?[   Snake:1 *

Annotations:
D:7 Harold
D:8 exclusion: downstairs
Lair:4 exclusion: 3 oklob plants
Lair:6 2 transporters, exclusion: obsidian statue, kMk's ghost, journeyman MiBe


Innate Abilities, Weirdness & Mutations

You have sharp claws.
You have razor-sharp teeth.
You have supernaturally acute eyesight. (SInv)
You cover ground quickly. (Speed+)
Your thick and shaggy fur keeps you warm. (AC +3, rC+)
Your paws help you pounce on unaware monsters.
You are incapable of wielding weapons or throwing items.
You cannot wear armour.
You gain extra lives every three experience levels.


Message History

Your warg barely misses the black mamba.
The naga warrior spits poison at you. The splash of poison misses you.
The splash of poison hits your guardian golem but does no damage.
You scratch the black mamba but do no damage.
The black mamba is severely wounded.
The black mamba closely misses you.
Your warg completely misses the black mamba.
The black mamba misses you.
The naga warrior hits you from afar with a +2 trident of protection!!
* * * LOW HITPOINT WARNING * * *
Your warg misses the black mamba.
Casting: Summon Guardian Golem (safe; 1% risk of failure)
Confirm with . or Enter, or press ? or * to list all spells.
You blink.
The naga warrior hits your lightning spire with a +2 trident of protection.
The naga warrior grabs your lightning spire.
The naga warrior constricts your lightning spire.
The black mamba closely misses you.
Casting: Blink (safe; 1% risk of failure)
Confirm with . or Enter, or press ? or * to list all spells.
You blink.
The black mamba bites your guardian golem!
The naga warrior hits you with a +2 trident of protection.
* * * LOW HITPOINT WARNING * * *
The naga warrior constricts your lightning spire.
Your warg bites the black mamba!
The black mamba bites your warg!
Your guardian golem overheats!
Casting: Blink (safe; 1% risk of failure)
Confirm with . or Enter, or press ? or * to list all spells.
You blink.
The black mamba closely misses your warg.
The naga warrior loses its grip on your lightning spire.
Your warg barely misses the black mamba.
The black mamba bites your warg.
Casting: Blink (safe; 1% risk of failure)
Confirm with . or Enter, or press ? or * to list all spells.
You blink.
The naga warrior misses you. The naga warrior grabs you.
The naga warrior constricts you.
You die...

#.#. #♣♣♣♣♣.#
#!...########.....
#.(...§S.#..#
####....h§..#
....#)9<##.#
#######..8#.##
###).@.# ##N#.##
#######....####
.......§......>.
.#########..###.
#..# .... #.#.. #
.


You could see a naga warrior, a friendly guardian golem (summoned, inner flame)
and a friendly lightning spire (summoned, sheltered).

Vanquished Creatures
  A vault guard (D:11)
  A hydra (Lair:2)
  An anaconda (Snake:2)
  A cyclops (D:11)
  An elephant (Lair:5)
  A black mamba (Snake:1)
  A meliai (shapeshifter) (D:14)
  A polar bear (Lair:5)
  A hornet (D:4)
  2 centaur simulacra
  A yak (Lair:4)
  A vampire mosquito (D:12)
  A centaur (D:15)
  A wolf (Lair:3)
  A phantom (D:4)
  A bullfrog (Lair:5)
  An orc wizard (Orc:1)
  A hound zombie (D:5)
  3 gnolls (D:11)
  An adder (D:5)
  A dart slug (D:4)
  2 orcs (Orc:1)
  6 bats
  An endoplasm (Sewer)
  A giant cockroach (Sewer)
  A hobgoblin (D:2)
  A kobold (D:1)
  2 quokkas
  2 frilled lizards (Sewer)
  A rat (D:2)
41 creatures vanquished.

Vanquished Creatures (collateral kills)
  The ghost of Suysh the Fighter, an adept HuCj of Okawaru (D:15)
  A nagaraja (Snake:1)
  Azrael (Orc:2)
  2 dire elephants (Lair:6)
  Josephine (Orc:2)
  3 naga warriors (Snake:1)
  2 fire dragons (D:15)
  A boulder beetle (Lair:1)
  A catoblepas (Lair:6)
  A rakshasa (D:15)
  4 hydras
  4 centaur warriors
  2 anacondas (Snake:1)
  A two-headed ogre (D:14)
  2 death yaks
  Urug (D:13)
  A naga sharpshooter (Snake:2)
  2 shock serpents (Snake:1)
  A spectral anaconda (Lair:6)
  2 naga ritualists (Snake:1)
  4 orc knights (Orc:2)
  4 necromancers (Lair:6)
  2 deep elf pyromancers
  6 cyclopes
  An orc sorcerer (Orc:2)
  A salamander (Snake:1)
  An ugly thing (D:11)
  3 mana vipers (Snake:1)
  5 manticores
  6 naga magi
  26 elephants
  2 centaur zombies (D:10)
  Maurice (D:8)
  14 black mambas
  A torpor snail (Lair:5)
  A guardian serpent (Snake:1)
  12 cane toads
  2 dire elephant skeletons (Lair:6)
  An unseen horror (D:12)
  Psyche (D:10)
  A kobold demonologist (D:11)
  5 rime drakes
  5 komodo dragons
  2 efreet
  A yaktaur (D:15)
  2 polar bears
  A wolf spider simulacrum (D:15)
  2 trolls
  A wind drake (shapeshifter) (D:14)
  Prince Ribbit (D:8)
  11 blink frogs
  4 dream sheep
  Grinder (D:3)
  4 slime creatures
  A spectral elephant (Lair:6)
  A spriggan (Lair:3)
  A wraith (Orc:2)
  A shadow (D:13)
  5 wyverns
  22 yaks
  3 hogs (Lair:4)
  2 fire elementals (Orc:2)
  3 basilisks
  A death yak simulacrum (Lair:6)
  A steam dragon (D:8)
  9 vampire mosquitoes
  6 wargs (Orc:2)
  A spectral cane toad (Lair:6)
  An acid dragon (D:9)
  8 nagas
  2 hell hounds (Orc:2)
  14 water moccasins
  A floating eye (Orc:2)
  A nameless horror (Snake:1)
  An elephant zombie (Lair:6)
  A hornet zombie (D:8)
  31 orc warriors
  2 black bears
  An ice beast (D:7)
  A necrophage (D:7)
  7 wolves (Lair:3)
  6 ogres
  12 centaurs
  3 elephant skeletons (Lair:6)
  3 phantoms
  2 scorpions (D:9)
  8 bullfrogs
  2 cane toad simulacra (Lair:6)
  6 gnoll sergeants
  Dowan (D:6)
  3 killer bees (D:8)
  A wight (D:5)
  3 howler monkeys
  4 jellies
  10 orc priests
  2 hounds
  Crazy Yiuf (D:3)
  4 iguanas
  Jessica (D:3)
  A centaur skeleton (D:7)
  21 orc wizards
  A hound skeleton (D:4)
  19 gnolls
  7 adders
  13 white imps
  An adder skeleton (D:4)
  8 worms
  10 dart slugs
  66 orcs
  8 ball pythons
  9 endoplasms
  6 giant cockroaches
  3 goblins
  3 hobgoblins
  4 jackals (Sewer)
  3 kobolds
  6 quokkas
  7 bats
  4 frilled lizards
  3 rats
572 creatures vanquished.

Vanquished Creatures (others)
  Kirke (Lair:4)
  A dire elephant (Lair:6)
  The ghost of Jatofuta the Nimble, a journeyman MfGl of Okawaru (Lair:2)
  A boulder beetle (D:12)
  4 hydras
  A vault guard (D:14)
  An ogre mage (D:14)
  5 centaur warriors
  2 two-headed ogres (D:14)
  5 death yaks (Lair:5)
  A lindwurm (Lair:5)
  An orc knight (Orc:2)
  A wolf spider (D:14)
  3 cyclopes
  7 elephants
  Joseph (D:8)
  A tengu conjurer (D:13)
  A hornet (D:8)
  3 trolls
  A slime creature (D:11)
  A blink frog (Lair:1)
  2 dream sheep (Lair:5)
  2 wyverns
  A vampire (D:11)
  3 wraiths
  13 yaks
  A nameless horror (Snake:1)
  A steam dragon (D:8)
  2 humans (Lair:4)
  A vampire mosquito (D:15)
  A basilisk (D:13)
  5 nagas
  2 wargs (Orc:2)
  An acid dragon (D:11)
  11 orc warriors
  Duvessa (D:6)
  A black bear (D:5)
  3 ogres
  7 centaurs
  A bullfrog (D:9)
  A scorpion (D:9)
  3 wights (D:5)
  A howler monkey (D:10)
  An orc priest (Orc:2)
  2 iguanas
  2 orc wizards
  2 gnolls (Orc:2)
  4 orcs
  4 fulminant prisms
  54 fungi
  83 plants
  26 withered plants (Lair:6)
285 creatures vanquished.

Grand Total: 898 creatures vanquished

Notes
Turn   | Place    | Note
-------+----------+-------------------------------------------
     0 | D:1      | Turgor the Felid Summoner began the quest for the Orb.
     0 | D:1      | Reached XP level 1. HP: 7/7 MP: 4/4
   219 | D:1      | Found a faded altar of an unknown god.
   303 | D:1      | Reached XP level 2. HP: 11/11 MP: 6/6
   942 | D:1      | Learned a level 2 spell: Call Imp
  1078 | D:2      | Reached XP level 3. HP: 14/14 MP: 5/8
  1779 | D:2      | Learned a level 3 spell: Call Canine Familiar
  1989 | D:3      | Found a radiant altar of Vehumet.
  1989 | D:3      | Found a glowing golden altar of the Shining One.
  2083 | D:3      | Noticed Jessica
  2302 | D:3      | Found a runed translucent door.
  2303 | D:3      | Noticed Crazy Yiuf
  2347 | D:3      | Killed Crazy Yiuf
  2348 | D:3      | Reached skill level 5 in Summonings
  2348 | D:3      | Reached XP level 4. HP: 18/18 MP: 1/9
  2436 | D:3      | Noticed Grinder
  2574 | D:3      | Killed Jessica
  2752 | D:4      | Reached XP level 5. HP: 21/21 MP: 5/11
  2797 | D:4      | Learned a level 3 spell: Summon Guardian Golem
  2921 | D:4      | Slain by a gnoll sergeant
  2922 | D:4      | Reached XP level 4. HP: -2/18 MP: 1/10
  2922 | D:4      | Upgraded the game from 0.28-a0-1199-gef9e1dbd39 to
                  | 0.28-a0-1206-g193881aaa2
  3165 | D:4      | Killed a gnoll sergeant
  3166 | D:4      | Reached skill level 6 in Summonings
  3166 | D:4      | Reached XP level 5. HP: 21/21 MP: 3/11
  3835 | D:4      | Noticed a hornet
  3861 | D:4      | Killed a hornet
  3862 | D:4      | Reached skill level 7 in Summonings
  3862 | D:4      | Gained mutation: You are covered in thick fur. (AC +2)
                  | [Felid growth]
  3862 | D:4      | Reached XP level 6. HP: 24/24 MP: 5/13
  4130 | D:4      | Found a hazy altar of Hepliaklqana.
  4284 | D:4      | Found a staircase to the Ecumenical Temple.
  4292 | Temple   | Entered the Ecumenical Temple
  4333 | Temple   | Became a worshipper of Elyvilon the Healer
  4518 | D:4      | You fall into a shaft and drop 1 floor!
  4518 | D:5      | Entered Level 5 of the Dungeon
  4611 | D:5      | HP: 1/24 [centaur (5)]
  4619 | D:5      | Reached XP level 7. HP: 22/27 MP: 4/15
  4774 | D:4      | Found a large runed translucent door.
  4776 | D:4      | Found a large runed translucent door.
  4872 | D:4      | Reached skill level 5 in Spellcasting
  4940 | D:4      | Reached skill level 8 in Summonings
  5043 | D:4      | Found a hide-covered altar of Uskayaw.
  5285 | D:5      | Reached * piety under Elyvilon
  5424 | D:5      | Reached skill level 1 in Fighting
  5567 | D:5      | Reached XP level 8. HP: 33/33 MP: 11/17
  5777 | D:5      | Reached ** piety under Elyvilon
  6100 | D:5      | Noticed a troll
  6106 | D:5      | Killed a troll
  6107 | D:5      | Reached skill level 9 in Summonings
  6388 | D:6      | Found a stormy altar of Qazlal.
  6447 | D:6      | Noticed Dowan
  6471 | D:6      | Killed Dowan
  6655 | D:6      | Found a glowing drain.
  6675 | Sewer    | Entered a sewer
  7197 | D:6      | Reached *** piety under Elyvilon
  7223 | D:6      | Noticed Duvessa
  7242 | D:6      | Killed Duvessa
  7520 | D:6      | Learned a level 4 spell: Summon Lightning Spire
  7522 | D:6      | Learned a level 1 spell: Apportation
  7819 | D:7      | Reached XP level 9. HP: 39/39 MP: 15/19
  7878 | D:7      | Reached skill level 1 in Hexes
  7878 | D:7      | Reached skill level 1 in Translocations
  7946 | D:7      | Reached skill level 1 in Air Magic
  8144 | D:7      | Noticed Harold
  8269 | D:7      | Reached skill level 10 in Summonings
  9086 | D:8      | Noticed Joseph
  9107 | D:8      | Killed Joseph
  9580 | D:8      | Noticed Prince Ribbit
  9596 | D:8      | Killed Prince Ribbit
  9825 | D:8      | Noticed Maurice
  9855 | D:8      | Reached skill level 5 in Fighting
  9922 | D:8      | Reached **** piety under Elyvilon
  9968 | D:8      | Killed Maurice
  9969 | D:8      | Reached XP level 10. HP: 35/44 MP: 12/21
 10558 | D:3      | Killed Grinder
 10620 | D:4      | Found a shimmering altar of Xom.
 10630 | D:4      | Found a blossoming altar of Fedhas.
 10760 | D:9      | Noticed a two-headed ogre
 10894 | D:9      | Reached skill level 5 in Hexes
 10930 | D:9      | Reached skill level 5 in Translocations
 11076 | D:9      | Found a sacrificial altar of Ru.
 11701 | D:9      | Found a staircase to the Lair.
 11973 | D:10     | Entered Level 10 of the Dungeon
 12015 | D:10     | Reached skill level 5 in Air Magic
 12279 | D:10     | Reached ***** piety under Elyvilon
 12285 | D:10     | Noticed Psyche
 12300 | D:10     | Killed Psyche
 13658 | D:10     | Found a staircase to the Orcish Mines.
 14111 | D:11     | Noticed a vault guard
 14123 | D:11     | Killed a vault guard
 14124 | D:11     | Reached XP level 11. HP: 48/48 MP: 16/23
 14174 | D:11     | Found a portal to a secret trove of treasure.
 14181 | Trove    | Entered a treasure trove
 14193 | Trove    | Identified the +10 hand axe "Dastro Raum" {vorpal, Int+5}
 14218 | Trove    | Identified the amulet "Geniezye" {Reflect Regen+ Str-3 SH+5
                  | Stlth+}
 14220 | Trove    | Identified the amulet "Sierhaeh" {Acrobat Contam Rampage
                  | rElec}
 14394 | D:11     | Reached skill level 1 in Invocations
 14394 | D:11     | Reached skill level 1 in Evocations
 14577 | D:11     | Noticed a centaur warrior
 14586 | D:11     | Reached skill level 11 in Summonings
 14589 | D:11     | HP: 2/49 [centaur warrior/arrow (10)]
 14695 | Lair:1   | Entered Level 1 of the Lair of Beasts
 14857 | Lair:1   | Found a hide-covered altar of Uskayaw.
 14858 | Lair:1   | Noticed a boulder beetle
 14982 | Lair:1   | Noticed a four-headed hydra
 14985 | Lair:1   | Killed a boulder beetle
 15062 | Lair:1   | Killed a four-headed hydra
 15197 | Lair:1   | Reached skill level 5 in Stealth
 15316 | Lair:1   | Found an ornate altar of the Wu Jian Council.
 15783 | Lair:2   | Reached skill level 5 in Dodging
 15974 | Lair:2   | Noticed a seven-headed hydra
 15982 | Lair:2   | Killed a seven-headed hydra
 16366 | Lair:2   | Noticed an eight-headed hydra
 16389 | Lair:2   | Killed an eight-headed hydra
 16648 | Lair:2   | Gained mutation: Your thick and shaggy fur keeps you warm.
                  | (AC +3, rC+) [Felid growth]
 16648 | Lair:2   | Reached XP level 12. HP: 54/54 MP: 18/25
 16808 | Lair:2   | Found a large runed translucent door.
 16808 | Lair:2   | Found a large runed translucent door.
 16810 | Lair:2   | Noticed Jatofuta's ghost (journeyman MfGl)
 16837 | Lair:2   | Killed Jatofuta's ghost
 16945 | Lair:2   | Identified a scroll of acquirement
 16946 | Lair:2   | Acquired 1327 gold pieces
 17303 | Lair:3   | Noticed a four-headed hydra
 17324 | Lair:3   | Killed a four-headed hydra
 17711 | Lair:3   | Noticed a seven-headed hydra
 17731 | Lair:3   | Killed a seven-headed hydra
 17823 | Lair:3   | Found a staircase to the Snake Pit.
 17958 | Lair:3   | Noticed a four-headed hydra
 17967 | Lair:3   | Killed a four-headed hydra
 18821 | Lair:4   | Noticed Kirke
 18834 | Lair:4   | Killed Kirke
 18835 | Lair:4   | Reached skill level 5 in Evocations
 19552 | Lair:4   | Reached skill level 12 in Summonings
 19791 | Lair:4   | Found a staircase to the Shoals.
 19851 | Lair:4   | Reached XP level 13. HP: 58/58 MP: 14/27
 20800 | Lair:5   | Reached skill level 10 in Air Magic
 20866 | Lair:5   | Identified the -3 pair of gloves "Tyhoifot" {Dex+4}
 21264 | Lair:5   | Found a staircase to the Slime Pits.
 21487 | Lair:5   | Reached skill level 10 in Spellcasting
 21842 | Lair:6   | Entered Level 6 of the Lair of Beasts
 22263 | Orc:1    | Entered Level 1 of the Orcish Mines
 22472 | Orc:2    | Entered Level 2 of the Orcish Mines
 22644 | Orc:2    | Noticed Josephine
 22654 | Orc:2    | Killed Josephine
 22885 | Orc:2    | Noticed Azrael
 23149 | Orc:2    | Killed Azrael
 23152 | Orc:2    | Learned a level 1 spell: Magic Dart
 23155 | Orc:2    | Learned a level 2 spell: Searing Ray
 23321 | Orc:2    | Reached XP level 14. HP: 57/65 MP: 20/29
 23364 | Orc:2    | Noticed Nessos
 23367 | Orc:2    | Noticed Nessos
 23367 | Orc:2    | Nessos changed into Nessos the floating eye
 23369 | Orc:2    | Paralysed by Nessos for 2 turns
 23373 | Orc:2    | Killed Nessos the floating eye
 23398 | Orc:2    | Reached skill level 1 in Conjurations
 23747 | Orc:2    | Found Uxion's Jewellery Shop.
 23747 | Orc:2    | Found Rizab's Jewellery Emporium.
 24522 | Orc:2    | Reached skill level 10 in Fighting
 24751 | Orc:2    | Found a staircase to the Elven Halls.
 25090 | Orc:2    | Found Wadaogim's Antique Armour Shop.
 25090 | Orc:2    | Found Seentauno's Magic Scroll Emporium.
 25104 | Orc:2    | Bought a scroll of fog for 26 gold pieces
 25104 | Orc:2    | Bought a scroll of teleportation for 39 gold pieces
 25104 | Orc:2    | Bought a scroll of fear for 45 gold pieces
 26853 | D:12     | Learned a level 4 spell: Fulminant Prism
 27244 | D:13     | Noticed Urug
 27252 | D:13     | Killed Urug
 27441 | D:13     | Reached ****** piety under Elyvilon
 27746 | D:14     | Found a flickering gateway to a bazaar.
 27756 | Bazaar   | Entered a bazaar
 27756 | Bazaar   | Found Yteuphol's Book Boutique.
 27767 | Bazaar   | Found Lilafeco's Magic Scroll Shop.
 27776 | Bazaar   | Found Puteb's Weapon Shoppe.
 27806 | Bazaar   | Found Kipsul's Book Emporium.
 27812 | Bazaar   | Found Xien's Distillery.
 27819 | Bazaar   | Bought a potion of heal wounds for 50 gold pieces
 27819 | Bazaar   | Bought a potion of heal wounds for 50 gold pieces
 27819 | Bazaar   | Bought a potion of curing for 30 gold pieces
 27824 | Bazaar   | Bought a book of Geomancy for 288 gold pieces
 27824 | Bazaar   | Bought a book of Vapours for 192 gold pieces
 27824 | Bazaar   | Bought a book of Alchemy for 448 gold pieces
 27824 | Bazaar   | Bought a book of Dreams for 224 gold pieces
 27824 | Bazaar   | Bought a Young Poisoner's Handbook for 320 gold pieces
 27830 | Bazaar   | Learned a level 5 spell: Irradiate
 27854 | Bazaar   | Bought a scroll of vulnerability for 90 gold pieces
 27854 | Bazaar   | Bought a scroll of magic mapping for 42 gold pieces
 27854 | Bazaar   | Bought a scroll of blinking for 90 gold pieces
 27854 | Bazaar   | Bought a scroll of silence for 90 gold pieces
 27854 | Bazaar   | Bought a scroll of fear for 42 gold pieces
 27854 | Bazaar   | Bought a scroll of identify for 24 gold pieces
 27938 | D:14     | Found Bolohix's Weapon Emporium.
 28005 | D:14     | Reached skill level 5 in Conjurations
 28073 | D:14     | Reached skill level 1 in Transmutations
 28091 | D:14     | Learned a level 5 spell: Manifold Assault
 28233 | D:14     | Found Feuviell's Weapon Shop.
 28559 | D:14     | Found Lary's Weapon Shop.
 29077 | D:14     | Found a gate to the Vaults.
 29181 | D:15     | Entered Level 15 of the Dungeon
 29488 | D:15     | Reached XP level 15. HP: 67/70 MP: 22/31
 29570 | D:15     | Found a runed translucent door.
 29571 | D:15     | Noticed Suysh's ghost (adept HuCj)
 29582 | D:15     | Learned a level 2 spell: Blink
 30017 | D:15     | Found a staircase to the Depths.
 30685 | D:15     | Killed Suysh's ghost
 30714 | D:15     | Learned a level 6 spell: Summon Cactus Giant
 31584 | Lair:6   | Reached skill level 5 in Transmutations
 31850 | Lair:6   | Found a transporter.
 32240 | Lair:6   | Found a transporter.
 32357 | Lair:6   | Found a bloodstained altar of Trog.
 32371 | Lair:6   | Noticed kMk's ghost (journeyman MiBe)
 33037 | Lair:6   | Reached skill level 1 in Unarmed Combat
 33123 | Lair:6   | Reached skill level 10 in Translocations
 33137 | Lair:6   | Reached skill level 10 in Dodging
 34124 | Snake:1  | Entered Level 1 of the Snake Pit
 34198 | Snake:1  | Found Tuvai's Tempting Trifles.
 34213 | Snake:1  | Bought a scroll of teleportation for 42 gold pieces
 35039 | Snake:1  | Was placed under penance by Elyvilon
 35265 | Snake:1  | Upgraded the game from 0.28-a0-1206-g193881aaa2 to
                  | 0.28-a0-1213-g0243856f03
 35475 | Snake:1  | Was forgiven by Elyvilon
 36370 | Snake:1  | Reached XP level 16. HP: 31/75 MP: 6/32
 36850 | Snake:1  | Elyvilon protects you from harm!
 36851 | Snake:1  | HP: 3/75 [shock serpent/bolt of electricity (23)]
 36851 | Snake:1  | Killed from afar by a shock serpent
 36852 | Snake:1  | Reached XP level 15. HP: -14/71 MP: 7/31
 36860 | Snake:1  | Killed from afar by a shock serpent
 36861 | Snake:1  | Reached XP level 14. HP: -12/67 MP: 23/30
 37491 | Snake:2  | Constricted to death by a naga warrior

Illustrated notes

Levels and vault maps discovered:
D:1:      minmay_arrival_stone_box, layout_loops_ring,
          shapermc_ecumenical_altar_mp_vishouse
D:2:      layout_loops_cross
D:3:      layout_basic, chequers_temple_overflow_statue_of_worship,
          uniq_crazy_yiuf_cottage, uniq_grinder, uniq_jessica
D:4:      kennysheep_slugbush, layout_basic, lemuel_coloured_pillars_altar,
          jmf_multi_god_temple2, mainiacjoe_overflow_small_starburst,
          minmay_temple_entry_wispy
D:5:      layout_gridville, hangedman_decor_diamond_cutter,
          minmay_misc_feat_encased, nrook_campfire, grunt_ministairs_1,
          minivault_23, chequers_serial_rivers_micro_d
D:6:      layout_rooms, amcnicky_altar_gilded, portal_sewer_entry_f,
          uniq_duvessa
D:7:      lemuel_ice_spiral_2, layout_rooms, uniq_harold
D:8:      layout_basic, nrook_loot_triangle, kennysheep_generic_room_7,
          uniq_joseph, uniq_prince_ribbit1, uniq_maurice
D:9:      layout_stronghold, mainiacjoe_overflow_alcove_2,
          grunt_lair_entry_orc_guard_hut, nicolae_fountain_basement
D:10:     layout_loops_ring, david_orc_4, uniq_psyche
D:11:     layout_loops_ring, enter_trove_5, minmay_fractal_squares_gapless_7
D:12:     layout_roguey, serial_curves, eino_curves_01, eino_curves_04,
          eino_curves_03, eino_curves_04
D:13:     layout_rooms, uniq_urug
D:14:     layout_cave_pools, david_vaults_5, serial_shops, bzr_entry_islet,
          shop, nicolae_shop_hallway_stairs, nicolae_shop_bloodbath_and_beyond,
          chequers_serial_rivers_room_a
D:15:     grunt_enter_depths_hoard, layout_gridville, minmay_misc_feat_five,
          gammafunk_ghost_grave, amethyst_killhole
Temple:   minmay_temple_curvy_branch
Lair:1:   layout_chaotic_city, nzn_masters_of_martial_movement
Lair:2:   layout_chaotic_city, ebering_ghost_disaster_area,
          infiniplex_staircase_pool_2, grunt_megastairs_1, serial_bayou_shore_b,
          lemuel_fruit_tree
Lair:3:   layout_layer_cave, guppyfry_snake_entry_island,
          grunt_forest_stairs_clearing
Lair:4:   layout_loops_ring, shoals_dummy_entry, dpeg_oklob_1, uniq_kirke
Lair:5:   layout_gridlike, nicolae_slime_entry_slimehenge, minivault_24
Lair:6:   due_jungle_book, layout_misc_corridors, portal_ice_cave_entry_imps,
          gammafunk_ghost_wrathful_warriors, pond, grunt_megastairs_3
Snake:1:  layout_chambers, nicolae_alphabet_shops
Snake:2:  layout_rooms, serial_bayou, serial_bayou_crossing,
          serial_bayou_lagoon_a, serial_bayou_ford_a, serial_bayou_shore_a
Orc:1:    layout_diamond_mine, minmay_orc_treasury
Orc:2:    st_orc_town, layout_caves, mines1_david, uniq_josephine, uniq_nessos,
          uniq_azrael

Skill      XL: |  1  2  3  4  5  6  7  8  9 10 11 12 13 14 15 |
---------------+----------------------------------------------+-----
Spellcasting   | 3 4 5 6 7 8 9 10 11 | 11.7
Summonings     | 5 6 7 8 9 10 11 12 | 12.0
Fighting       | 2 3 5 6 7 8 9 10 11 | 11.6
Hexes          | 4 6 |  6.0
Translocations | 4 6 7 11 | 11.8
Air Magic      | 3 6 7 9 10 11 | 11.2
Stealth        | 3 5 6 8 9 |  9.0
Dodging        | 3 5 6 8 9 10 | 10.0
Invocations    | 3 4 |  4.0
Evocations     | 3 5 6 |  6.0
Conjurations   | 5 6 |  6.0
Transmutations | 8 7 |  8.0
Unarmed Combat | 3 |  3.3

Action                   |  1- 3 |  4- 6 |  7- 9 | 10-12 | 13-15 | 16-18 || total
-------------------------+-------+-------+-------+-------+-------+-------++-------
Melee: Unarmed           |    39 |    31 |   101 |    42 |   230 |    13 ||   456
       Bite              |     2 |     4 |     7 |     6 |    27 |       ||    46
       Punch             |       |       |       |       |     1 |       ||     1
 Cast: Summon Small Mamm |    42 |    17 |    31 |    10 |    12 |       ||   112
       Call Imp          |    16 |    14 |       |       |       |       ||    30
       Call Canine Famil |       |    21 |    42 |    60 |   133 |     3 ||   259
       Summon Guardian G |       |       |    28 |    65 |   128 |     4 ||   225
       Summon Lightning  |       |       |       |    73 |   207 |     6 ||   286
       Blink             |       |       |       |       |    24 |     8 ||    32
       Summon Cactus Gia |       |       |       |       |    57 |     6 ||    63
       Searing Ray       |       |       |       |       |     6 |       ||     6
       Fulminant Prism   |       |       |       |       |     4 |       ||     4
       Manifold Assault  |       |       |       |       |     1 |       ||     1
Invok: Heal Other        |       |       |     1 |     7 |       |       ||     8
       Heal Self         |       |       |       |     1 |    10 |     1 ||    12
       Purification      |       |       |       |       |     2 |       ||     2
Evoke: Wand              |       |     3 |       |    12 |    27 |     1 ||    43
       Lightning rod     |       |       |       |     2 |    14 |       ||    16
       Box of beasts     |       |       |       |       |     2 |       ||     2
  Use: Scroll            |       |     1 |    13 |    12 |     8 |       ||    34
       Potion            |       |     1 |     3 |     2 |     5 |       ||    11
 Stab: Sleeping          |     4 |       |     2 |       |     1 |       ||     7
       Distracted        |       |       |     1 |     1 |     5 |       ||     7
Armor: Skin              |     6 |     2 |    10 |       |    29 |       ||    47
Dodge: Dodged            |    32 |    56 |    91 |    33 |   422 |    32 ||   666
Block: Other             |       |       |       |     5 |    91 |     8 ||   104
       Reflection        |       |       |       |     1 |    12 |     1 ||    14

Table legend: (Time is in decaauts)
 A = Elapsed time spent in this place.
 B = Non-inter-level travel time spent in this place.
 C = Inter-level travel time spent in this place.
 D = Time resting spent in this place.
 E = Time spent auto-exploring this place.
 F = Levels seen in this place.
 G = Mean time per level.
                   A        B        C        D        E       F      G
               +--------+--------+--------+--------+--------+-----+--------+
         Total |  33681 |  31879 |   1802 |   8413 |  12351 |  29 | 1161.4 |
       Dungeon |  17516 |  16523 |    993 |   4146 |   6387 |  15 | 1167.7 |
        Temple |     54 |     38 |     16 |      0 |     31 |   1 |   54.0 |
          Lair |   9589 |   8968 |    621 |   2050 |   4287 |   6 | 1598.2 |
     Snake Pit |   3072 |   2960 |    112 |   1362 |   1018 |   2 | 1536.0 |
  Orcish Mines |   2705 |   2648 |     57 |    849 |    534 |   2 | 1352.5 |
        Bazaar |    105 |    105 |      0 |      0 |      0 |   1 |  105.0 |
         Trove |     79 |     79 |      0 |      0 |      0 |   1 |   79.0 |
         Sewer |    559 |    559 |      0 |      5 |     92 |   1 |  559.0 |
               +--------+--------+--------+--------+--------+-----+--------+

Top non-repeatable levels by time:
 Snake:1: 2936 daAuts
  Lair:5: 2381 daAuts
   Orc:2: 2142 daAuts
  Lair:6: 1958 daAuts
     D:8: 1826 daAuts
     D:4: 1780 daAuts
    D:10: 1733 daAuts
  Lair:4: 1603 daAuts
    D:15: 1482 daAuts
  Lair:3: 1391 daAuts
    D:11: 1292 daAuts
  Lair:2: 1287 daAuts
     D:9: 1273 daAuts
     D:5: 1199 daAuts
     D:3: 1186 daAuts
